 Dungeon Crawl Stone Soup version 0.17.0-28-g6e173f8 (webtiles) character file.

785 MDvedh the Basher (level 7, -1/61 HPs)
             Began as a Minotaur Venom Mage on Nov 22, 2015.
             Was a Believer of Trog.
             Slain by an orc
             ... wielding a +0 flail
              (5 damage)
             ... on level 6 of the Dungeon.
             The game lasted 00:06:29 (3388 turns).

MDvedh the Basher (Minotaur Venom Mage)             Turns: 3388, Time: 00:06:30

Health: -1/61      AC:  6    Str: 14    XL:     7   Next: 56%
Magic:  8/8        EV: 11    Int: 12    God:    Trog [**....]
Gold:   100        SH:  0    Dex: 11    Spells: 1 memorised, 7 levels left

rFire  . . .     SeeInvis .     o - +1 mace (crush)
rCold  . . .     Clarity  .     i - +0 ring mail
rNeg   + + .     SustAt   .     (no shield)
rPois  .         Gourm    .     (helmet restricted)
rElec  .         Spirit   .     m - +0 cloak
rCorr  .         Warding  +     (no gloves)
rMut   .         Stasis   .     (no boots)
MR     +....                    y - amulet of warding
Stlth  +.........               v - ring of positive energy
                                w - ring of protection from magic

@: exhausted, slowed, very slow, somewhat resistant to hostile enchantments,
very unstealthy
A: retaliatory headbutt, horns 2
a: Berserk, Trog's Hand, Burn Spellbooks, Renounce Religion


You were on level 6 of the Dungeon.
You worshipped Trog.
Trog was pleased with you.
You were hungry.

You visited 1 branch of the dungeon, and saw 4 of its levels.

You collected 100 gold pieces.

Inventory:

Hand Weapons
 o - a +1 mace of crushing (weapon)
Armour
 i - a +0 ring mail (worn)
 m - a +0 cloak (worn)
Jewellery
 u - an uncursed amulet of stasis
 v - a ring of positive energy (right hand)
 w - a ring of protection from magic (left hand)
 y - an amulet of warding (around neck)
Wands
 t - a wand of enslavement (14)
Scrolls
 a - a scroll of enchant weapon {unknown}
 e - a scroll of remove curse {unknown}
 f - a scroll of magic mapping {unknown}
 j - 6 scrolls of identify {unknown}
 l - 2 scrolls of teleportation {unknown}
 n - a scroll of random uselessness {unknown}
 r - a scroll of amnesia {unknown}
Potions
 d - a potion of heal wounds {unknown}
 g - a potion of cancellation {unknown}
 h - 2 potions of curing {unknown}
 k - 2 potions of degeneration {unknown}
 p - a potion of agility {unknown}
 q - 2 potions of poison {unknown}
 s - a potion of resistance {unknown}
Books
 b - a Young Poisoner's Handbook

   Spells                             Type                      Level
   a - Sting                          Conjuration/Poison           1
   b - Cure Poison                    Poison                       2
   c - Mephitic Cloud                 Conjuration/Poison/Air       3
   d - Olgreb's Toxic Radiance        Poison                       4
   e - Venom Bolt                     Conjuration/Poison           5
   Trog disapproves of the use of such an item.
Comestibles
 c - 3 bread rations
 x - 6 chunks of flesh


   Skills:
 - Level 5.1 Fighting
 + Level 8.4 Maces & Flails
 - Level 2.1 Dodging
 - Level 1.5 Stealth
 - Level 1.3 Spellcasting
 - Level 2.9 Poison Magic


You had 7 spell levels left.
You knew the following spells:

 Your Spells              Type           Power        Failure   Level  Hunger
a - Sting                 Conj/Pois      #...         38%         1    ##.....


Dungeon Overview and Level Annotations

Branches:
Dungeon (6/15)
 Temple: D:4-7

Altars:
Trog
Xom


Innate Abilities, Weirdness & Mutations

You reflexively headbutt those who attack you in melee.
You have a pair of horns on your head.


Message History

The iguana bites you!
* * * LOW HITPOINT WARNING * * *
Unknown command.
You hit the iguana.
The iguana is heavily wounded.
The iguana barely misses you. You furiously retaliate!
You headbutt the iguana, but do no damage.
You closely miss the iguana.
The iguana is heavily wounded.
The iguana closely misses you. You furiously retaliate!
You headbutt the iguana. The iguana bites you!
* * * LOW HITPOINT WARNING * * *
You hit the iguana.
You kill the iguana!
Trog accepts your kill.
You can now call upon Trog for regeneration and protection from hostile enchantments.
You thump the orc!
The orc is almost dead.
The orc hits you with a flail.
You die...

#.......#
#.......#
#.......
#...... ####
..... .... ...
.... #o# ...
#@# ..## #)#
..# #.# #.# #.#
#.# #.# #.# #.#
#.# #.#
#)###########.#
#)#...........#


You could see an orc.

Vanquished Creatures
  A hungry ghost (D:6)
  An orc warrior (D:6)
  2 giant frogs
  A wyvern skeleton (D:6)
  A water moccasin skeleton (D:6)
  A giant frog zombie (D:6)
  2 orc wizards
  An iguana (D:6)
  A hound skeleton (D:3)
  5 gnolls
  8 adders
  A shadow imp (D:6)
  An ooze (D:3)
  A worm (D:3)
  4 giant geckos
  9 orcs
  6 goblins
  6 hobgoblins
  2 jackals (D:3)
  A ball python (D:1)
  5 bats
  2 giant cockroaches (D:1)
  3 giant newts (D:2)
  8 kobolds
  10 rats
83 creatures vanquished.

Notes
Turn   | Place    | Note
--------------------------------------------------------------
     0 | D:1      | MDvedh the Minotaur Venom Mage began the quest for the Orb.
     0 | D:1      | Reached XP level 1. HP: 14/14 MP: 1/1
    50 | D:1      | Reached skill level 1 in Fighting
   251 | D:1      | Found a shimmering altar of Xom.
   468 | D:1      | Reached XP level 2. HP: 19/24 MP: 0/3
  1526 | D:2      | Reached skill level 3 in Fighting
  1526 | D:2      | Reached XP level 3. HP: 29/31 MP: 0/4
  1721 | D:2      | Found a bloodstained altar of Trog.
  1767 | D:2      | Became a worshipper of Trog the Wrathful
  1825 | D:2      | Reached skill level 4 in Fighting
  1845 | D:2      | Reached XP level 4. HP: 27/41 MP: 5/5
  2146 | D:3      | Reached skill level 5 in Fighting
  2211 | D:3      | Noticed a giant frog
  2242 | D:3      | Killed a giant frog
  2242 | D:3      | Reached * piety under Trog
  2242 | D:3      | Reached XP level 5. HP: 33/48 MP: 6/6
  2633 | D:3      | Reached XP level 6. HP: 51/56 MP: 7/7
  2714 | D:3      | You fall through a shaft for 3 floors!
  2728 | D:6      | Reached skill level 5 in Maces & Flails
  2956 | D:6      | Noticed a hungry ghost
  2966 | D:6      | Killed a hungry ghost
  2966 | D:6      | Reached skill level 6 in Maces & Flails
  3192 | D:6      | Reached XP level 7. HP: 59/61 MP: 8/8
  3210 | D:6      | Reached skill level 7 in Maces & Flails
  3375 | D:6      | Reached skill level 8 in Maces & Flails
  3386 | D:6      | HP: 3/61 [iguana (12)]
  3387 | D:6      | Reached ** piety under Trog
  3388 | D:6      | Slain by an orc

Action                   |  1- 3 |  4- 6 |  7- 9 || total
-------------------------+-------+-------+-------++-------
Melee: Unarmed           |    80 |       |       ||    80
       Dagger            |    35 |    57 |       ||    92
       Mace              |       |    88 |    36 ||   124
 Cast: Sting             |    27 |       |       ||    27
Invok: Berserk           |       |     2 |     2 ||     4
 Stab: Sleeping          |     3 |     1 |       ||     4
  Eat: Chunk             |     4 |     4 |     1 ||     9
       Meat ration       |       |     1 |       ||     1
